 Dungeon Crawl Stone Soup version 0.23.2-11-gf996548c65 (webtiles) character file.

Game seed: 9375213073245015450

40 troglodite the Skirmisher (level 3, -5/29 HPs)
             Began as a Demonspawn Chaos Knight on June 4, 2019.
             Was a Plaything of Xom.
             Slain by Terence
             ... wielding a +0 mace
              (9 damage)
             ... on level 2 of the Dungeon.
             The game lasted 00:04:43 (1400 turns).

troglodite the Skirmisher (Demonspawn Chaos Knight) Turns: 1400, Time: 00:04:44

Health: -5/29      AC:  5    Str: 12    XL:     3   Next: 30%
Magic:  3/3        EV: 11    Int: 13    God:    Xom [....*.]
Gold:   218        SH:  4    Dex: 13    Spells: 2/2 levels left

rFire    . . .     SeeInvis .   a - +0 falchion (chaos)
rCold    . . .     Gourm    .   (no shield)
rNeg     . . .     Faith    .   b - +2 leather armour
rPois    .         Spirit   .   (no helmet)
rElec    .         Reflect  .   (no cloak)
rCorr    .         Harm     .   (no gloves)
MR       .....                  (no boots)
Stlth    +.........             (no amulet)
HPRegen  0.09/turn              (no ring)
MPRegen  0.08/turn              (no ring)

@: heavily drained
A: large bone plates 1
a: Renounce Religion


You were on level 2 of the Dungeon.
You worshipped Xom.
You were a beloved toy of Xom.
You were not hungry.

You visited 1 branch of the dungeon, and saw 2 of its levels.

You collected 218 gold pieces.

Inventory:

Hand Weapons
 a - a +0 falchion of chaos (weapon)
Armour
 b - a +2 leather armour (worn)
Jewellery
 j - an uncursed ring of flight {unknown}
Scrolls
 h - a scroll of teleportation {unknown}
 i - a scroll of remove curse {unknown}
 m - a scroll of magic mapping {unknown}
Potions
 d - a potion of haste {unknown}
 e - a potion of invisibility {unknown}
 g - 2 potions of curing {unknown}
 k - a potion of might {unknown}
 l - a potion of lignification {unknown}
Comestibles
 c - 5 rations
 f - 7 chunks of flesh


   Skills:
 * Level 3.4(2.3) Fighting
 * Level 3.1(2.0) Long Blades
 * Level 2.1(1.0) Armour
 * Level 1.4(0.3) Dodging


You had 2 spell levels left.
You didn't know any spells.
Your spell library was empty.

Dungeon Overview and Level Annotations

Branches:
Dungeon (2/15)

Altars:
Xom

Annotations:
D:2 Terence


Innate Abilities, Weirdness & Mutations

You are partially covered in large bone plates. (SH +4)


Message History

You are now a beloved toy of Xom.
Something hits you! Something hits you but does no damage.
You see here 22 stones.
You barely miss something. You block something's attack.
Some of the chunks of flesh in your inventory have rotted away.
Okay, then.
You closely miss something. Something hits you but does no damage.
You barely miss something. Something hits you but does no damage.
You miss something. Something hits you.
You hit something but do no damage. You block something's attack.
You hit something. Something hits you.
You closely miss something. You block something's attack.
You miss something. Something hits you!
* * * LOW HITPOINT WARNING * * *
You barely miss something. Something hits you.
* * * LOW HITPOINT WARNING * * *
You miss something. Something hits you but does no damage.
You completely miss something. Something hits you!
You die...

#§# .. ##.
#§### !#
#§§.##.#
###..#.#
##.#.#
#...#
#..## #..#
# #{@#
#.####
#..#
##.....
#..(#
##......
#.....
#.......
#..#.#
###.......
..##..
..........
#.. ##.
#.......
#.. .
#.......
#......


There were no monsters in sight!

Vanquished Creatures
  A dart slug (D:1)
  A leopard gecko (D:1)
  A ball python (D:2)
  3 giant cockroaches
  8 goblins
  4 hobgoblins
  2 jackals (D:1)
  3 kobolds (D:1)
  2 bats
  2 frilled lizards
  6 rats
33 creatures vanquished.

Vanquished Creatures (collateral kills)
  A giant cockroach (D:1)
1 creature vanquished.

Grand Total: 34 creatures vanquished

Notes
Turn   | Place    | Note
-------+----------+-------------------------------------------
     0 | D:1      | troglodite the Demonspawn Chaos Knight began the quest for
                  | the Orb.
     0 | D:1      | Reached XP level 1. HP: 18/18 MP: 1/1
    77 | D:1      | Reached skill level 1 in Dodging
   209 | D:1      | XOM: cloud trail
   274 | D:1      | XOM: god gift: 50 gold pieces
   300 | D:1      | XOM: scenery: create altars
   321 | D:1      | XOM: summons friendly quasit
   376 | D:1      | Gained mutation: You are partially covered in large bone
                  | plates. (SH +4) [demonic ancestry]
   376 | D:1      | Reached XP level 2. HP: 21/24 MP: 2/2
   864 | D:1      | XOM: god gift: 37 gold pieces
  1052 | D:1      | XOM: god gift: ration
  1135 | D:2      | Reached XP level 3. HP: 27/29 MP: 3/3
  1311 | D:2      | XOM: scenery: create altars
  1371 | D:2      | Noticed Terence
  1374 | D:2      | XOM: fog
  1400 | D:2      | Slain by Terence

Skill      XL: |  1  2 |
---------------+-------+-----
Dodging        | 1 |  1.4
Long Blades    | 3 |  3.1
Armour         | 2 |  2.1
Fighting       | |  3.4

Action                   || total
-------------------------++-------
Melee: Falchion          ||   117
 Stab: Confused          ||     1
  Eat: Chunk             ||     2
Armor: Leather armour    ||    60
Dodge: Dodged            ||    46
Block: Other             ||    21
       Rpst.: Falchion   ||    14
